 Dungeon Crawl Stone Soup version 0.13-a0-2450-ga447c6a (webtiles) character file.

213 JogiH the Magician (level 4, -1/38 HPs)
             Began as a Djinni Wizard on July 17, 2013.
             Killed by nerve-wracking pain
             ... invoked by an orc priest
              (6 damage)
             ... on Level 3 of the Dungeon.
             The game lasted 00:11:15 (4024 turns).

JogiH the Magician (Djinni Wizard)                  Turns: 4024, Time: 00:11:16

HP  -1/38        AC  2     Str  9      XL: 4   Next: 33%
MP   0/0         EV 12     Int 20      God:
Gold 122         SH  0     Dex 11      Spells:  4 memorised,  5 levels left

Res.Fire  : + + +   See Invis. : .   m - +0,+2 quarterstaff
Res.Cold  : x . .   Warding    : .   a - +0 robe
Life Prot.: + + +   Conserve   : .   (no shield)
Res.Poison: +       Res.Corr.  : .   b - +0 wizard hat
Res.Elec. : .       Clarity    : .   (no cloak)
Sust.Abil.: . .     Spirit.Shd : .   (no gloves)
Res.Mut.  : .       Stasis     : .   (boots unavailable)
Res.Rott. : .       Flight     : .   (no amulet)
Saprovore : . . .                    l - +2 ring of strength
                                     e - ring of poison resistance {unknown}

@: slightly resistant to hostile enchantments, unstealthy
A: no striking features
a: no special abilities


You were on level 3 of the Dungeon.
You were not hungry.

You visited 1 branch of the dungeon, and saw 3 of its levels.

You collected 102 gold pieces.

Inventory:

Hand weapons
 m - a +0,+2 quarterstaff (weapon)
 n - a cursed +0,-1 sling
Armour
 a - a +0 robe (worn)
 b - a +0 wizard hat (worn)
Magical devices
 p - a wand of magic darts (10) {unknown}
Scrolls
 d - 3 scrolls of remove curse
 f - 3 scrolls of identify {unknown}
 g - 2 scrolls of enchant weapon II {unknown}
 h - a scroll of random uselessness {unknown}
 i - a scroll of amnesia {unknown}
 j - a scroll of enchant weapon I {unknown}
Jewellery
 e - a ring of poison resistance (left hand) {unknown}
 l - a +2 ring of strength (right hand)
 q - a -4 ring of protection
Potions
 k - a potion of speed {unknown}
 o - a potion of curing {unknown}
 r - a potion of resistance {unknown}
Books
 c - a book of Minor Magic

   Spells                             Type                      Level
   *Magic Dart                        Conjuration                  1
   *Blink                             Translocation                2
   *Call Imp                          Summoning                    2
   Repel Missiles                     Charms/Air                   2
   Slow                               Hexes                        2
   *Conjure Flame                     Conjuration/Fire             3
   Mephitic Cloud                     Conjuration/Poison/Air       3


   Skills:
 * Level 0.9 Staves
 - Level 1.7 Dodging
 - Level 1.5 Stealth
 + Level 5.1 Spellcasting
 * Level 2.6 Conjurations
 + Level 1.1 Summonings
 + Level 1.0 Translocations


You had 5 spell levels left.
You knew the following spells:

 Your Spells              Type           Power        Failure   Level  Hunger
a - Magic Dart            Conj           ###.         4%          1    None
b - Blink                 Tloc           N/A          14%         2    None
c - Call Imp              Summ           #.........   14%         2    None
d - Conjure Flame         Conj/Fire      ##......     21%         3    ##.....


Dungeon Overview and Level Annotations

Branches:
Dungeon (3/27)

Altars:

Portals:
Ziggurat: D:3 (4650 gp)

Annotations
D:3 Grinder


Message History

The orc priest hits you with an orcish flail!
Your crimson imp blinks!
The orc priest mumbles some strange prayers to Beogh.
You feel a wave of unholy energy pass over you.
You hit the orc priest.
The orc priest is heavily wounded.
The orc priest hits you with an orcish flail!
* * * LOW HITPOINT WARNING * * *
You closely miss the orc priest.
The orc priest is heavily wounded.
Your crimson imp barely misses the orc priest.
Your crimson imp blinks!
The orc priest hits you with an orcish flail.
* * * LOW HITPOINT WARNING * * *
Your crimson imp barely misses the orc priest.
The orc priest glows brightly for a moment.
There is a stone staircase leading up here.
The orc priest invokes the aid of Beogh against you.
Pain shoots through your body!
You die...

......o..[.#..
.......###.#.#
##### #.#.#
#######.#.#######.
#.......%..........
.(.#####>##.######.
#5##.# #o##5#
#..@.# ######


You could see an orc priest and a friendly crimson imp.

Vanquished Creatures
  2 adders
  2 giant geckos (D:1)
  6 hobgoblins
  A quokka (D:2)
  3 ball pythons
  4 bats
  5 giant cockroaches
  3 giant newts
  6 goblins
  3 kobolds (D:1)
  8 rats
43 creatures vanquished.

Vanquished Creatures (collateral kills)
  A jelly (D:3)
  An adder (D:3)
  2 gnolls (D:2)
  A worm (D:2)
  An ooze (D:1)
  An orc (D:3)
7 creatures vanquished.

Vanquished Creatures (others)
  2 white imps
  A kobold (D:2)
3 creatures vanquished.

Grand Total: 53 creatures vanquished

Notes
Turn   | Place    | Note
--------------------------------------------------------------
     0 | D:1      | JogiH, the Djinni Wizard, began the quest for the Orb.
     0 | D:1      | Reached XP level 1. HP: 14/14 MP: 0/0
   299 | D:1      | Reached skill level 4 in Spellcasting
   383 | D:1      | Reached XP level 2. EP: 19/23
   417 | D:1      | Learned a level 2 spell: Blink
   420 | D:1      | Learned a level 2 spell: Call Imp
  1622 | D:2      | Reached XP level 3. EP: 26/29
  1736 | D:2      | Learned a level 3 spell: Conjure Flame
  2696 | D:3      | Found a gateway to a ziggurat.
  2713 | D:3      | Noticed Grinder
  3564 | D:3      | Reached XP level 4. EP: 26/37
  3644 | D:3      | Reached skill level 5 in Spellcasting
  4024 | D:3      | Killed from afar by an orc priest

Action                   |  1- 3 |  4- 6 || total
-------------------------+-------+-------++-------
Melee: Unarmed           |     1 |       ||     1
       Quarterstaff      |     6 |     8 ||    14
 Cast: Magic Dart        |    91 |     9 ||   100
       Call Imp          |    15 |     7 ||    22
  Use: Scroll            |     1 |       ||     1
